 Dungeon Crawl Stone Soup version 0.29.1-14-g9c671dbff4 (webtiles) character file.

Game seed: 2656535193448921751

1120 javelincjr the Magician (level 8, -5/52 HPs)
             Began as a Djinni Earth Elementalist on Feb 14, 2023.
             Slain by a kobold brigand
             ... wielding a +0 club
              (8 damage)
             ... in a sewer.
             The game lasted 00:24:12 (6599 turns).

javelincjr the Magician (Djinni Earth Elementalist) Turns: 6599, Time: 00:24:13

Health: -5/52      AC:  4    Str: 15    XL:     8   Next: 60%
Gold:   333        EV: 13    Int: 23    God:
                   SH:  0    Dex: 18

rFire   + + .      SeeInvis .   p - staff of conjuration
rCold   x . .      Faith    .   (no shield)
rNeg    . . .      Spirit   .   a - +0 robe
rPois   ∞          Reflect  .   h - +2 helmet
rElec   .          Harm     .   (no cloak)
rCorr   .          Rampage  .   (no gloves)
Will    .....                   (boots unavailable)
Stlth   ++........              (no amulet)
HPRegen 0.17/turn               j - ring "Jeintutz" {Str+6 Int+6 Dex+4 Slay-5}
MPRegen 0.00/turn               (no ring)

@: flying
A: sickness immunity, fire resistance 2, cold vulnerability 1, float, innate
caster, HP casting, extra vitality 1, deformed body, MP-powered wands
a: no special abilities


You were in a sewer.
You visited 1 branch of the dungeon, and saw 6 of its levels.
You also visited: Sewer.

You collected 333 gold pieces.

Inventory:

Hand Weapons
 g - a +0 short sword
 n - a +0 dagger of holy wrath
 t - a +0 spear of freezing
 A - a +1 flail of protection
 C - a +1 trident of venom
Missiles
 b - 20 poisoned darts
 F - 8 javelins
Armour
 a - a +0 robe (worn)
 e - a +0 kite shield
 h - a +2 helmet (worn)
 B - a +2 ring mail of cold resistance
 D - a +1 hat
Magical Staves
 p - a staff of conjuration (weapon)
Jewellery
 j - the ring "Jeintutz" (left hand) {Str+6 Int+6 Dex+4 Slay-5}
   (You acquired it in a sewer)

   [ring of strength]

   Str:       It affects your strength (+6).
   Int:       It affects your intelligence (+6).
   Dex:       It affects your dexterity (+4).
   Slay:      It affects your accuracy & damage with ranged weapons and melee
   (-5).
Wands
 u - a wand of roots (7)
 y - a wand of flame (22)
 E - a wand of polymorph (9)
Scrolls
 c - 5 scrolls of identify
 d - 2 scrolls of amnesia
 k - 9 scrolls of teleportation
 o - 3 scrolls of enchant weapon
 r - a scroll of fear
 x - 3 scrolls of noise
Potions
 f - 2 potions of ambrosia {unknown}
 i - 2 potions of mutation
 l - a potion of curing {unknown}
 m - 2 potions of might {unknown}
 q - a potion of resistance {unknown}
 s - a potion of attraction {unknown}
 v - a potion of cancellation {unknown}
 z - 2 potions of lignification {unknown}


   Skills:
 + Level 1.1 Fighting
 + Level 0.2 Short Blades
 + Level 3.1 Dodging
 + Level 2.4 Stealth
 + Level 7.3 Spellcasting


You had 6 spell levels left.
You knew the following spells:

 Your Spells              Type           Power      Damage    Failure   Level
a - Sandblast             Erth           84%        2d18      1%          1
b - Passwall              Tmut/Erth      35%        N/A       1%          2
c - Stone Arrow           Conj/Erth      100%       3d13      1%          3
d - Petrify               Tmut/Erth      42%        N/A       3%          4
e - Freeze                Ice            100%       1d11      1%          1
f - Ensorcelled Hibernat  Hex/Ice        84%        N/A       1%          2
g - Poisonous Vapours     Pois/Air       84%        N/A       1%          2
Your spell library was empty.

Dungeon Overview and Level Annotations

Branches:
Dungeon (6/15)              Sewer (1/1)
 Temple: D:4-7

Altars:
Ashenzari
Gozag
Uskayaw
The Shining One

Annotations:
D:4 3 runed translucent doors, THTSBRD's ghost, amateur FoHu


Innate Abilities, Weirdness & Mutations

You are immune to sickness and miasma.
You are immune to poison.
Your flesh is very heat resistant. (rF++)
You are vulnerable to cold. (rC-)
You float through the air rather than walking.
You learn spells naturally, not from books.
Your magical power is your life essence.
You have superior vitality. (+4 MHP)
Armour fits poorly on your strangely shaped body.
You expend health (3 HP) to strengthen your wands.


Message History

Aiming: Stone Arrow (safe; 1% risk of failure)
Press: ? - help, Shift-Dir - straight line, f/p - kobold
Aim: a kobold, wielding a +0 dagger and quivering poisoned darts (72% to hit)
You feel a surge of power!
The stone arrow misses the kobold.
The kobold brigand hits you with a +0 club!
The kobold closely misses you.
Casting: Stone Arrow (safe; 1% risk of failure)
Confirm with . or Enter, or press ? or * to list all spells.
Aiming: Stone Arrow (safe; 1% risk of failure)
Press: ? - help, Shift-Dir - straight line, f/p - kobold
Aim: a kobold, wielding a +0 dagger and quivering poisoned darts (72% to hit)
You feel a surge of power!
The stone arrow hits the kobold!!
You kill the kobold!
You hear a splash. x2
The kobold brigand barely misses you. The kobold barely misses you.
Casting: Stone Arrow (safe; 1% risk of failure)
Confirm with . or Enter, or press ? or * to list all spells.
Aiming: Stone Arrow (safe; 1% risk of failure)
Press: ? - help, Shift-Dir - straight line, f - kobold
Aim: a kobold, wielding a +0 whip (72% to hit)
You feel a surge of power!
The stone arrow hits the kobold!
You kill the kobold!
The kobold brigand hits you with a +0 club.
* * * LOW HITPOINT WARNING * * *
Casting: Stone Arrow (safe; 1% risk of failure)
Confirm with . or Enter, or press ? or * to list all spells.
Aiming: Stone Arrow (safe; 1% risk of failure)
Press: ? - help, Shift-Dir - straight line, f - kobold brigand
Aim: a kobold brigand, wielding a +0 club and quivering curare-tipped darts (72% to hit)
You feel a surge of power!
The stone arrow hits the kobold brigand!
The kobold brigand is heavily wounded.
* * * LOW HITPOINT WARNING * * *
The kobold brigand hits you with a +0 club.
* * * LOW HITPOINT WARNING * * *
It was a potion of mutation.
You feel extremely strange.
Your body twists and deforms.
You feel stronger.
You feel weaker.
You feel your magical essence link to the dungeon's wands.
The kobold brigand hits you with a +0 club!
You die...

~~~~~.....##
#~~~.....#
#P~~....##
#~......#
#P......#
#.......#
#~P~...##
#~~~...#
#~)@.###
##K)## #..!!
#!.?.#
#.∩..#
#....#
######


You could see a kobold brigand.

Vanquished Creatures
  Edmund (D:4)
  A black bear (D:5)
  A kobold brigand (Sewer)
  A necrophage (D:5)
  A scorpion (D:5)
  A howler monkey (D:4)
  7 hounds
  A jelly (D:6)
  2 iguanas
  2 gnoll boudas
  Ijyb (D:3)
  14 gnolls
  A river rat (D:6)
  6 adders
  A shadow imp (D:5)
  2 white imps
  An ufetubus (D:5)
  3 worms
  A dart slug (D:1)
  5 orcs
  6 bats
  3 giant cockroaches
  4 goblins
  6 hobgoblins
  4 jackals (D:1)
  3 quokkas
  4 ball pythons
  3 frilled lizards
  14 kobolds
  7 rats
107 creatures vanquished.

Vanquished Creatures (others)
  3 plants (D:1)
3 creatures vanquished.

Grand Total: 110 creatures vanquished

Notes
Turn   | Place    | Note
-------+----------+-------------------------------------------
     0 | D:1      | javelincjr the Djinni Earth Elementalist began the quest
                  | for the Orb.
     0 | D:1      | javelincjr set off with the following spells memorised:
                  | Sandblast, Passwall, Stone Arrow, Petrify.
     0 | D:1      | Reached XP level 1. HP: 15/15 MP: 0/0
   271 | D:1      | Reached XP level 2. HP: 20/21 MP: 0/0
  1119 | D:2      | Reached skill level 3 in Spellcasting
  1119 | D:2      | Reached XP level 3. HP: 14/25 MP: 0/0
  1119 | D:2      | Learned a level 1 spell: Freeze
  1326 | D:2      | Found a faded altar of an unknown god.
  1654 | D:2      | Found a glowing golden altar of the Shining One.
  1811 | D:2      | You are sucked into a shaft and drop 2 floors!
  1811 | D:4      | Found a runed translucent gate.
  1811 | D:4      | Found a runed translucent gate.
  1811 | D:4      | Found a runed translucent gate.
  1812 | D:4      | Noticed THTSBRD's ghost (amateur FoHu)
  1815 | D:4      | Found an opulent altar of Gozag.
  1822 | D:4      | Found a hide-covered altar of Uskayaw.
  1914 | D:4      | Found a broken altar of Ashenzari.
  1937 | D:3      | Reached XP level 4. HP: 29/31 MP: 0/0
  2068 | D:3      | Reached skill level 1 in Fighting
  2218 | D:2      | Reached XP level 5. HP: 29/37 MP: 0/0
  2218 | D:2      | Learned a level 2 spell: Ensorcelled Hibernation
  2597 | D:3      | Reached skill level 4 in Spellcasting
  2923 | D:3      | Noticed Ijyb
  2929 | D:3      | Killed Ijyb
  2930 | D:3      | Reached XP level 6. HP: 22/42 MP: 0/0
  3942 | D:4      | Reached skill level 5 in Spellcasting
  4001 | D:4      | Noticed Edmund
  4038 | D:4      | Killed Edmund
  4039 | D:4      | Reached XP level 7. HP: 15/47 MP: 0/0
  4039 | D:4      | Learned a level 2 spell: Poisonous Vapours
  4860 | D:5      | Entered Level 5 of the Dungeon
  4973 | D:5      | Reached skill level 6 in Spellcasting
  5135 | D:5      | Reached XP level 8. HP: 45/52 MP: 0/0
  5903 | D:5      | Reached skill level 7 in Spellcasting
  6009 | D:5      | Identified the +0 robe "Ureudd" {-Tele Dex+4}
  6327 | D:6      | Identified a scroll of acquirement
  6363 | D:6      | Found a glowing drain.
  6379 | Sewer    | Entered a sewer
  6380 | Sewer    | Acquired the ring "Jeintutz" {Str+6 Int+6 Dex+4 Slay-5}
  6599 | Sewer    | Gained mutation: Armour fits poorly on your strangely
                  | shaped body. [potion of mutation]
  6599 | Sewer    | Gained mutation: Your muscles are strong. (Str +4, Int/Dex
                  | -1) [potion of mutation]
  6599 | Sewer    | Lost mutation: Your muscles are strong. (Str +4, Int/Dex
                  | -1) [potion of mutation]
  6599 | Sewer    | Gained mutation: You expend health (3 HP) to strengthen
                  | your wands. [potion of mutation]
  6599 | Sewer    | Slain by a kobold brigand

Illustrated notes

Levels and vault maps discovered:
D:1:      dpeg_arrival_houses_and_road, layout_basic, serial_rivers,
          chequers_serial_rivers_room_a, chequers_serial_rivers_micro_c,
          chequers_serial_rivers_micro_b, chequers_serial_rivers_micro_b,
          chequers_serial_rivers_small_b, chequers_serial_rivers_large_b,
          chequers_serial_rivers_micro_e, serial_bayou_lake_a
D:2:      layout_basic, basic_altar, shapermc_ecumenical_altar_mp_highgroup
D:3:      layout_basic, uniq_ijyb
D:4:      layout_loops_cross, kennysheep_little_box,
          mainiacjoe_overflow_catwalk_spiral, ebering_ghost_rock_garden,
          corexii_corridor_pit, uniq_edmund
D:5:      layout_gridville
D:6:      layout_loops_ring, mainiacjoe_overflow_concentric_impassable,
          portal_sewer_entry_b, corexii_corridor_pit
Sewer:    kennysheep_pipe_town

Skill      XL: |  1  2  3  4  5  6  7  8 |
---------------+-------------------------+-----
Spellcasting   | 3 4 5 6 7 |  7.3
Fighting       | 1 |  1.1
Stealth        | 2 |  2.4
Dodging        | 3 |  3.1
Short Blades   | |  0.2

Action                   |  1- 3 |  4- 6 |  7- 9 || total
-------------------------+-------+-------+-------++-------
Melee: Unarmed           |     3 |       |       ||     3
       Short sword       |    15 |       |       ||    15
       Staff             |       |     2 |     2 ||     4
 Cast: Sandblast         |    40 |    40 |    31 ||   111
       Stone Arrow       |       |    28 |    31 ||    59
       Ensorcelled Hiber |       |     2 |     3 ||     5
       Petrify           |       |     1 |     4 ||     5
       Poisonous Vapours |       |       |    27 ||    27
  Use: Scroll            |       |       |     9 ||     9
       Potion            |       |       |     1 ||     1
Armor: Robe              |     2 |     2 |     6 ||    10
Dodge: Dodged            |    22 |    15 |    20 ||    57
